 Dungeon Crawl Stone Soup version 0.30-a0-949-g53dc5368d7 (webtiles) character file.

Game seed: 8218354861088537144

200 mopl the Chiller (level 5, -9/38 HPs)
             Began as a Gnoll Ice Elementalist on Mar 27, 2023.
             Mangled by an ice beast (14 damage)
             ... on level 3 of the Dungeon.
             The game lasted 00:02:33 (1815 turns).

mopl the Chiller (Gnoll Ice Elementalist)           Turns: 1815, Time: 00:02:34

Health: -9/38      AC:  6    Str:  8    XL:     5   Next: 79%
Magic:  21/21      EV: 13    Int: 16    God:
Gold:   126        SH:  0    Dex: 12    Spells: 13/14 levels left

rFire   . . .      SeeInvis .    r - +3 quarterstaff (chaos)
rCold   . . .      Faith    .    (shield currently unavailable)
rNeg    . . .      Spirit   .    a - +0 robe
rPois   .          Reflect  .    (no helmet)
rElec   .          Rampage  .    s - +1 cloak
rCorr   .                        k - +0 pair of gloves
Will    .....                    g - +0 pair of boots
Stlth   +++                      (no amulet)
HPRegen 0.26/turn                n - ring of magical power
MPRegen 0.17/turn                (no ring)

@: no status effects
A: fangs 1, strong nose, distributed training
a: no special abilities


You were on level 3 of the Dungeon.
You visited 1 branch of the dungeon, and saw 3 of its levels.

You collected 126 gold pieces.

Inventory:

Hand Weapons
 r - a +3 quarterstaff of chaos (weapon)
Missiles
 o - 4 poisoned darts
Armour
 a - a +0 robe (worn)
 g - a +0 pair of boots (worn)
 k - a +0 pair of gloves (worn)
 s - a +1 cloak (worn)
Jewellery
 n - a ring of magical power (left hand)
 p - an amulet of guardian spirit
Scrolls
 c - a scroll of enchant weapon {unknown}
 d - 2 scrolls of noise {unknown}
 e - a scroll of amnesia {unknown}
 f - a scroll of brand weapon {unknown}
 h - a scroll of poison {unknown}
 i - 4 scrolls of identify {unknown}
 j - 2 scrolls of silence {unknown}
 m - a scroll of vulnerability {unknown}
Potions
 b - a potion of magic
 l - a potion of curing {unknown}
 q - a potion of attraction {unknown}


   Skills:
 + Level 1.7 Fighting
 + Level 1.7 Short Blades
 + Level 1.7 Long Blades
 + Level 1.7 Axes
 + Level 1.7 Maces & Flails
 + Level 1.7 Polearms
 + Level 1.7 Staves
 + Level 1.7 Ranged Weapons
 + Level 1.7 Throwing
 + Level 1.7 Armour
 + Level 4.9 Dodging
 + Level 4.5 Stealth
 + Level 1.7 Shields
 + Level 1.7 Unarmed Combat
 + Level 5.2 Spellcasting
 + Level 1.3 Conjurations
 + Level 1.3 Hexes
 + Level 1.3 Summonings
 + Level 1.3 Necromancy
 + Level 1.3 Translocations
 + Level 1.3 Transmutations
 + Level 1.3 Fire Magic
 + Level 7.2 Ice Magic
 + Level 1.3 Air Magic
 + Level 1.3 Earth Magic
 + Level 1.3 Poison Magic
 + Level 1.9 Invocations
 + Level 1.7 Evocations


You had 13 spell levels left.
You knew the following spells:

 Your Spells              Type           Power      Damage    Failure   Level
a - Freeze                Ice            100%       1d10      1%          1

Your spell library contained the following spells:

 Spells                   Type           Power      Damage    Failure   Level
 Frozen Ramparts          Ice            54%        1d9       2%          3
 Ozocubu's Armour         Ice            27%        N/A       2%          3
 Summon Ice Beast         Ice/Summ       18%        N/A       26%         4


Dungeon Overview and Level Annotations

Branches:
Dungeon (3/15)

Altars:


Innate Abilities, Weirdness & Mutations

You have very sharp teeth.
Your uncanny sense of smell can sniff out nearby items.
Your experience applies equally to all skills.


Message History

You kill the white imp!
You start resting.
HP restored.
i - 4 scrolls labelled UHIGRU XARIU (gained 2)
An ice beast comes into view.
You aren't carrying any items that you can evoke.
Okay, then.
You start waiting.
An ice beast is nearby!
You hit the ice beast.
The ice beast suddenly stops moving!
You bite the ice beast, but do no damage.
The ice beast is lightly wounded.
The helpless ice beast fails to defend itself.
You hit the ice beast.
The ice beast is moderately wounded.
The ice beast is no longer paralysed.
The ice beast barely misses you. The ice beast hits you.
The ice beast freezes you!
You barely miss the ice beast.
The ice beast is moderately wounded.
The ice beast hits you but does no damage.
You hit the ice beast.
The ice beast seems to speed up.
Your bite misses the ice beast.
The ice beast is heavily wounded.
The ice beast hits you but does no damage.
The ice beast hits you. The ice beast freezes you!
You are too injured to fight recklessly!
You are too injured to fight recklessly!
You are too injured to fight recklessly!
You closely miss the ice beast.
The ice beast is heavily wounded.
The ice beast barely misses you.
You hit the ice beast but do no damage.
Nothing appears to happen.
You bite the ice beast, but do no damage.
The ice beast is heavily wounded.
The ice beast hits you. The ice beast freezes you!
* * * LOW HITPOINT WARNING * * *
The ice beast hits you.
* * * LOW HITPOINT WARNING * * *
The ice beast freezes you!
You die...

..........................####
.............##.###..####.#
...[............###.Y####.#
.....##..#...#............#
.......................##.#
.....##........####..####.#
#....##..#..............#.#
##...##........####.#####.#
#.......#......@Y..# #.#
##...##†##.....###### #.#
#....##.##......# ###
..#..##.##...#.##
...............#
.....##.##...#.#
.#...........#.#
................
.###.##.##.###. .


You could see an ice beast (fast).

Vanquished Creatures
  Crazy Yiuf (D:2)
  Jessica (D:2)
  Terence (D:2)
  5 adders
  A gnoll (D:1)
  A white imp (D:3)
  3 worms (D:2)
  A dart slug (D:2)
  6 endoplasms
  A giant cockroach (D:1)
  4 goblins
  A hobgoblin (D:1)
  2 jackals (D:3)
  A kobold (D:1)
  2 quokkas (D:2)
  6 ball pythons
  5 bats
  2 frilled lizards (D:1)
  15 rats
59 creatures vanquished.

Notes
Turn   | Place    | Note
-------+----------+-------------------------------------------
     0 | D:1      | mopl the Gnoll Ice Elementalist began the quest for the
                  | Orb.
     0 | D:1      | Reached XP level 1. HP: 13/13 MP: 6/6
   173 | D:1      | Reached XP level 2. HP: 19/19 MP: 2/7
   484 | D:1      | Reached skill level 5 in Spellcasting
   484 | D:1      | Reached XP level 3. HP: 17/25 MP: 4/9
   664 | D:2      | Reached skill level 1 in Invocations
   667 | D:2      | Reached skill level 1 in Fighting
   667 | D:2      | Reached skill level 1 in Short Blades
   667 | D:2      | Reached skill level 1 in Long Blades
   667 | D:2      | Reached skill level 1 in Axes
   667 | D:2      | Reached skill level 1 in Maces & Flails
   667 | D:2      | Reached skill level 1 in Polearms
   667 | D:2      | Reached skill level 1 in Staves
   667 | D:2      | Reached skill level 1 in Ranged Weapons
   667 | D:2      | Reached skill level 1 in Throwing
   667 | D:2      | Reached skill level 1 in Armour
   667 | D:2      | Reached skill level 1 in Shields
   667 | D:2      | Reached skill level 1 in Unarmed Combat
   667 | D:2      | Reached skill level 1 in Evocations
   760 | D:2      | Noticed Terence
   761 | D:2      | Reached XP level 4. HP: 23/32 MP: 6/11
   823 | D:2      | Killed Terence
   824 | D:2      | Reached skill level 1 in Conjurations
   824 | D:2      | Reached skill level 1 in Hexes
   824 | D:2      | Reached skill level 1 in Summonings
   824 | D:2      | Reached skill level 1 in Necromancy
   824 | D:2      | Reached skill level 1 in Translocations
   824 | D:2      | Reached skill level 1 in Transmutations
   824 | D:2      | Reached skill level 1 in Fire Magic
   824 | D:2      | Reached skill level 1 in Air Magic
   824 | D:2      | Reached skill level 1 in Earth Magic
   824 | D:2      | Reached skill level 1 in Poison Magic
  1068 | D:2      | Found a faded altar of an unknown god.
  1277 | D:2      | Reached XP level 5. HP: 37/37 MP: 12/12
  1280 | D:2      | Noticed Jessica
  1285 | D:2      | Killed Jessica
  1314 | D:2      | Found a runed translucent door.
  1315 | D:2      | Noticed Crazy Yiuf
  1492 | D:2      | Killed Crazy Yiuf
  1774 | D:3      | Noticed an ice beast
  1815 | D:3      | Mangled by an ice beast

Illustrated notes

Levels and vault maps discovered:
D:1:      dpeg_arrival_tiny_j, layout_basic, grunt_decor_cap,
          kennysheep_small_spiral
D:2:      layout_loops_ring, nicolae_ecumenical_snake_handling,
          uniq_crazy_yiuf_cottage, uniq_terence, uniq_jessica
D:3:      cheibrodos_greedy_goblins, layout_basic, gammafunk_ghost_necromancy,
          nrook_campfire

Skill      XL: |  1  2  3  4 |
---------------+-------------+-----
Spellcasting   | 5 |  5.2
Invocations    | 1 |  1.9
Fighting       | 1 |  1.7
Short Blades   | 1 |  1.7
Long Blades    | 1 |  1.7
Axes           | 1 |  1.7
Maces & Flails | 1 |  1.7
Polearms       | 1 |  1.7
Staves         | 1 |  1.7
Ranged Weapons | 1 |  1.7
Throwing       | 1 |  1.7
Armour         | 1 |  1.7
Shields        | 1 |  1.7
Unarmed Combat | 1 |  1.7
Evocations     | 1 |  1.7
Conjurations   | 1 |  1.3
Hexes          | 1 |  1.3
Summonings     | 1 |  1.3
Necromancy     | 1 |  1.3
Translocations | 1 |  1.3
Transmutations | 1 |  1.3
Fire Magic     | 1 |  1.3
Air Magic      | 1 |  1.3
Earth Magic    | 1 |  1.3
Poison Magic   | 1 |  1.3
Dodging        | |  4.9
Stealth        | |  4.5
Ice Magic      | |  7.2

Action                     |  1- 3 |  4- 6 || total
---------------------------+-------+-------++-------
  Melee: Unarmed           |    20 |     8 ||    28
         Bite              |     1 |     5 ||     6
         Quarterstaff      |       |    14 ||    14
  Throw: Dart              |       |     2 ||     2
   Cast: Freeze            |    47 |    52 ||    99
   Stab: Sleeping          |     1 |     1 ||     2
         Paralysed         |       |     1 ||     1
 Armour: Robe              |    14 |    10 ||    24
  Dodge: Dodged            |    38 |    34 ||    72

Table legend: (Time is in decaauts)
 A = Elapsed time spent in this place.
 B = Non-inter-level travel time spent in this place.
 C = Inter-level travel time spent in this place.
 D = Time resting spent in this place.
 E = Time spent auto-exploring this place.
 F = Levels seen in this place.
 G = Mean time per level.
                   A        B        C        D        E       F      G
               +--------+--------+--------+--------+--------+-----+--------+
         Total |   1817 |   1768 |     49 |    254 |   1083 |   3 |  605.7 |
       Dungeon |   1817 |   1768 |     49 |    254 |   1083 |   3 |  605.7 |
               +--------+--------+--------+--------+--------+-----+--------+

Top non-repeatable levels by time:
     D:2: 844 daAuts
     D:1: 702 daAuts
     D:3: 270 daAuts
